 Dungeon Crawl Stone Soup version 0.25-a0-378-gd2ca0b7745 (console) character file.

Game seed: 12540542372939219097, levelgen mode: deterministic

4663 Kagalorn the Archer (level 10, -3/88 HPs)
             Began as a Naga Arcane Marksman on Jan 7, 2020.
             Was a Priest of Okawaru.
             Slain by a two-headed ogre
             ... wielding a +0 giant club
              (29 damage)
             ... on level 9 of the Dungeon.
             The game lasted 00:41:52 (11546 turns).

Kagalorn the Archer (Naga Arcane Marksman)         Turns: 11546, Time: 00:41:52

Health: -3/88      AC: 12    Str: 17    XL:     10   Next: 43%
Magic:  10/11      EV: 11    Int: 13    God:    Okawaru [***...]
Gold:   352        SH:  3    Dex: 11    Spells: 10/11 levels left

rFire    . . .     SeeInvis +   a - +1 shortbow
rCold    + . .     Gourm    .   (shield currently unavailable)
rNeg     + . .     Faith    .   J - +1 ring mail {rPois}
rPois    +         Spirit   .   r - +1 helmet
rElec    .         Reflect  +   e - +0 cloak
rCorr    .         Harm     .   n - +0 pair of gloves
MR       +....                  (no barding)
Stlth    +++++.....             G - +3 amulet of reflection
HPRegen  0.24/turn              v - ring of positive energy
MPRegen  0.12/turn              H - ring of protection from cold

@: heroism, very slow
A: large, see invisible, deformed body, poison resistance, slowness 2, slow
metabolism 1, spit poison 1, AC +3
a: Spit Poison, Heroism, Renounce Religion


You were on level 9 of the Dungeon.
You worshipped Okawaru.
Okawaru was most pleased with you.
You were not hungry.

You visited 2 branches of the dungeon, and saw 10 of its levels.

You collected 352 gold pieces.

Inventory:

Hand Weapons
 a - a +1 shortbow (weapon)
 b - a +0 quarterstaff
 m - a +2 quarterstaff of chaos
 w - a +2 vampiric dagger
Missiles
 d - 162 arrows (quivered)
 g - 29 bolts
 h - 36 poisoned darts
Armour
 e - a +0 cloak (worn)
 n - a +0 pair of gloves (worn)
 p - a +0 plate armour
 r - a +1 helmet (worn)
 t - a +0 crystal plate armour
 J - a +1 ring mail of poison resistance (worn)
Jewellery
 v - a ring of positive energy (left hand)
 E - an uncursed ring of positive energy
 G - a +3 amulet of reflection (around neck)
 H - a ring of protection from cold (right hand)
Wands
 s - a wand of scattershot (4)
 u - a wand of polymorph (10)
 y - a wand of digging (7)
 A - a wand of random effects (15)
 B - a wand of clouds (4)
Scrolls
 c - a scroll of teleportation
 j - 3 scrolls of fear
 k - a scroll of amnesia {unknown}
 o - a scroll of enchant armour
 q - 2 scrolls of remove curse
 x - a scroll of holy word
Potions
 i - a potion of curing
 l - a potion of heal wounds
 z - a potion of magic
 F - a potion of resistance
Comestibles
 f - 10 rations
 C - 8 chunks of flesh


   Skills:
 - Level 5.0(10.0) Fighting
 * Level 2.8(7.8) Staves
 * Level 11.0(16.0) Bows
 - Level 1.5(6.5) Dodging
 - Level 10.0(15.0) Stealth
 - Level 1.0 Spellcasting
 - Level 3.0 Hexes
 * Level 2.4 Invocations


You had 10 spell levels left.
You knew the following spells:

 Your Spells              Type           Power        Failure   Level  Hunger
a - Corona                Hex            #......      14%         1    ##.....

Your spell library contained the following spells:

 Spells                   Type           Power        Failure   Level  Hunger
 Slow                     Hex            #.......     22%         2    ###....
 Foxfire                  Conj/Fire      #...         43%         1    ##.....
 Inner Flame              Hex/Fire       #.......     61%         3    ####...
 Portal Projectile        Hex/Tloc       #.....       61%         3    ####...
 Cause Fear               Hex            #.........   80%         4    #####..
 Conjure Flame            Conj/Fire      #.......     82%         3    ####...
 Leda's Liquefaction      Hex/Erth       #.........   95%         4    #####..
 Sticky Flame             Conj/Fire      #.......     99%         4    #####..
 Fireball                 Conj/Fire      #.........   100%        5    ######.


Dungeon Overview and Level Annotations

Branches:
Dungeon (9/15)             Temple (1/1) D:5
   Lair: D:8-11         Orc: D:9-12

Altars:
Cheibriados
Dithmenos
Elyvilon
Fedhas
Gozag
Hepliaklqana
Kikubaaqudgha
Makhleb
Nemelex Xobeh
Okawaru
Qazlal
Ru
Sif Muna
Trog
Uskayaw
Vehumet
Wu Jian
Xom
Yredelemnul
Zin
The Shining One

Shops:
D:6 :   D:7 (}?=

Annotations:
D:6 3 runed translucent doors, Valentain's ghost, novice OpVM


Innate Abilities, Weirdness & Mutations

You cannot wear boots.
Your serpentine skin is tough. (AC +3)
You have supernaturally acute eyesight. (SInv)
Armour fits poorly on your strangely shaped body.
Your system is resistant to poisons. (rPois)
You cover ground very slowly.
You have a slow metabolism.
You can spit poison.


Message History

Firing (i - inventory. (/) - cycle)
d - 165 arrows (quivered)
Press: ? - help, Shift-Dir - straight line, f/p - two-headed ogre
Aim: a two-headed ogre, wielding two +0 giant clubs (severely wounded)
You shoot an arrow.
The arrow hits the two-headed ogre but does no damage.
The two-headed ogre is severely wounded.
The two-headed ogre hits you with a +0 giant club! x2
* * * LOW HITPOINT WARNING * * *
Firing (i - inventory. (/) - cycle)
d - 164 arrows (quivered)
Press: ? - help, Shift-Dir - straight line, f/p - two-headed ogre
Aim: a two-headed ogre, wielding two +0 giant clubs (severely wounded)
You shoot an arrow. The arrow hits the two-headed ogre.
The two-headed ogre is severely wounded.
Firing (i - inventory. (/) - cycle)
d - 163 arrows (quivered)
Press: ? - help, Shift-Dir - straight line, f/p - two-headed ogre
Aim: a two-headed ogre, wielding two +0 giant clubs (severely wounded)
You shoot an arrow.
The arrow barely misses the two-headed ogre.
The two-headed ogre hits you with a +0 giant club!!
You die...

#.# #.# #.# ######.#
#...##.#### #.........#
#...##.##.######
#########.##...#O....?.
#.........#....@# ##
#.##########...## #.#
##.## #.# #.# #. ##.###
#.# ##.#####
.....#########+#
###......#
.....##.....# .....##.#
.....##..'#######+.
#...##.#
.....##..#...#...#.#
#>..##.#


You could see a two-headed ogre.

Vanquished Creatures
  Pikel (D:8)
  Joseph (D:8)
  Prince Ribbit (D:7)
  A hippogriff (D:9)
  Grum (D:8)
  3 hungry ghosts
  Menkaure (D:7)
  Duvessa (D:4)
  A sky beast (D:6)
  4 ice beasts
  4 slaves
  A hornet zombie (D:8)
  A necrophage (D:8)
  3 centaurs
  2 ogres
  3 wolves
  Blork the orc (D:5)
  4 bullfrogs
  Dowan (D:4)
  3 scorpions
  3 killer bees
  A bullfrog zombie (D:8)
  A quasit (D:7)
  3 orc priests
  2 hounds (D:4)
  4 jellies
  2 orc wizards
  Crazy Yiuf (D:7)
  A bullfrog skeleton (D:8)
  An iguana (D:7)
  Ijyb (D:4)
  5 worker ants
  A hound zombie (D:6)
  A gnoll (D:2)
  10 adders
  An ooze (D:1)
  An adder zombie (D:5)
  3 worms (D:2)
  2 dart slugs (D:2)
  4 leopard geckos
  10 orcs
  A ball python (D:9)
  6 bats
  6 giant cockroaches
  12 goblins
  7 hobgoblins
  7 jackals
  3 kobolds
  2 quokkas
  7 frilled lizards
  2 leopard gecko skeletons
  A quokka zombie (D:5)
  7 rats
157 creatures vanquished.

Vanquished Creatures (others)
  Robin (D:4)
  A goblin (D:4)
2 creatures vanquished.

Grand Total: 159 creatures vanquished

Notes
Turn   | Place    | Note
-------+----------+-------------------------------------------
     0 | D:1      | Kagalorn the Naga Arcane Marksman began the quest for the
                  | Orb.
     0 | D:1      | Reached XP level 1. HP: 18/18 MP: 2/2
   128 | D:1      | Reached XP level 2. HP: 22/25 MP: 3/3
   685 | D:2      | Found a hazy altar of Hepliaklqana.
   848 | D:1      | Reached XP level 3. HP: 19/31 MP: 4/4
  1145 | D:2      | Reached skill level 5 in Stealth
  1289 | D:2      | Found a faded altar of an unknown god.
  1449 | D:2      | Reached XP level 4. HP: 20/38 MP: 5/5
  2326 | D:2      | Noticed a hungry ghost
  2379 | D:2      | Killed a hungry ghost
  2379 | D:2      | Reached XP level 5. HP: 3/44 MP: 6/6
  2379 | D:2      | Reached XP level 6. HP: 3/51 MP: 7/7
  3424 | D:4      | Noticed Dowan
  3435 | D:4      | Noticed Duvessa
  3697 | D:4      | Reached skill level 10 in Stealth
  4006 | D:4      | Noticed Ijyb
  4043 | D:4      | Reached skill level 2 in Bows
  4371 | D:4      | Noticed Robin
  4393 | D:4      | Killed Robin
  4407 | D:4      | Killed Ijyb
  4407 | D:4      | Reached skill level 3 in Bows
  4407 | D:4      | Reached XP level 7. HP: 56/57 MP: 8/8
  5157 | D:4      | Reached skill level 4 in Bows
  5609 | D:5      | Entered Level 5 of the Dungeon
  5718 | D:5      | Found a staircase to the Ecumenical Temple.
  5733 | D:5      | Reached skill level 5 in Bows
  5970 | Temple   | Entered the Ecumenical Temple
  6158 | Temple   | Became a worshipper of Warmaster Okawaru
  6224 | D:5      | Reached skill level 1 in Invocations
  6344 | D:5      | Reached XP level 8. HP: 58/64 MP: 9/9
  6356 | D:5      | Noticed Blork the orc
  6687 | D:6      | Found a hide-covered altar of Uskayaw.
  6708 | D:6      | Found a runed translucent gate.
  6708 | D:6      | Found a runed translucent gate.
  6708 | D:6      | Found a runed translucent gate.
  6748 | D:6      | Found Tiento's Book Shoppe.
  7103 | D:6      | Reached skill level 6 in Bows
  7458 | D:6      | Found a bloodstained altar of Trog.
  7492 | D:6      | Noticed Valentain's ghost (novice OpVM)
  7829 | D:4      | Killed Duvessa
  7829 | D:4      | Reached * piety under Okawaru
  7830 | D:4      | Killed Dowan
  7830 | D:4      | Reached skill level 7 in Bows
  7915 | D:5      | Killed Blork the orc
  8023 | D:6      | Found an opulent altar of Gozag.
  8024 | D:6      | Found a sparkling altar of Nemelex Xobeh.
  8156 | D:7      | Found a shimmering altar of Xom.
  8376 | D:7      | Found a glowing golden altar of the Shining One.
  8377 | D:7      | Found a snail-covered altar of Cheibriados.
  8377 | D:7      | Found an ornate altar of the Wu Jian Council.
  8547 | D:7      | Found Nanufumn's Magic Scroll Boutique.
  8569 | D:7      | Reached XP level 9. HP: 63/74 MP: 10/10
  8653 | D:7      | Found Mosm's Jewellery Emporium.
  8657 | D:7      | Noticed Menkaure
  8665 | D:7      | Killed Menkaure
  8665 | D:7      | Reached skill level 8 in Bows
  8817 | D:7      | Found Goashry's Weapon Boutique.
  8821 | D:7      | Found Ureqato's Gadget Emporium.
  8839 | D:7      | Found a runed translucent door.
  8840 | D:7      | Noticed Crazy Yiuf
  8918 | D:7      | Noticed Prince Ribbit
  8930 | D:7      | Killed Prince Ribbit
  9316 | D:7      | Killed Crazy Yiuf
  9469 | D:8      | Noticed Joseph
  9615 | D:8      | Killed Joseph
  9615 | D:8      | Reached skill level 1 in Staves
  9615 | D:8      | Reached skill level 9 in Bows
  9866 | D:8      | Reached ** piety under Okawaru
 10065 | D:8      | Noticed Pikel
 10079 | D:8      | Noticed Grum
 10621 | D:8      | Killed Grum
 10621 | D:8      | Reached skill level 10 in Bows
 10621 | D:8      | Reached XP level 10. HP: 66/87 MP: 9/11
 10700 | D:8      | Reached skill level 5 in Fighting
 10926 | D:8      | Killed Pikel
 11117 | D:8      | Reached *** piety under Okawaru
 11410 | D:9      | Received a gift from Okawaru
 11410 | D:9      | Reached skill level 11 in Bows
 11458 | D:9      | Found a sacrificial altar of Ru.
 11531 | D:9      | Noticed a two-headed ogre
 11546 | D:9      | Slain by a two-headed ogre

Levels and vault maps discovered:
D:1:      erik_arrival_triangle_small, layout_basic,
          chequers_serial_rivers_micro_b
D:2:      layout_basic, overflow_temple_1_default,
          chequers_ecumenical_altar_simple, minmay_divided_ellipse
D:3:      layout_rooms
D:4:      layout_basic, uniq_robin, uniq_ijyb, uniq_duvessa
D:5:      layout_rooms, minmay_temple_entry_offerings, first_ration,
          uniq_blork_the_orc
D:6:      layout_rooms, grunt_temple_overflow_opulence, lemuel_doored_altar,
          overflow_temple_1_default, serial_shops, shop, gammafunk_ghost_icy
D:7:      layout_basic, grunt_temple_overflow_open, serial_shops, shop, shop,
          shop, nicolae_shop_trees, uniq_menkaure, uniq_prince_ribbit1,
          uniq_crazy_yiuf_cottage
D:8:      layout_basic, uniq_joseph, uniq_grum, uniq_pikel
D:9:      layout_loops_corners, nicolae_ru_great_annihilating_truth,
          lemuel_round_altar, lair_entry_dummy, the_bakery, minmay_checkerbox
Temple:   grunt_temple_mini_profane

Skill      XL: |  1  2  3  4  5  6  7  8  9 10 |
---------------+-------------------------------+-----
Stealth        | 2 4 5 8 10 | 10.0
Bows           | 3 5 7 10 11 | 11.0
Invocations    | 1 2 |  2.4
Fighting       | 2 4 5 |  5.0
Staves         | 2 |  2.8
Dodging        | |  1.5
Spellcasting   | |  1.0
Hexes          | |  3.0

Action                   |  1- 3 |  4- 6 |  7- 9 | 10-12 || total
-------------------------+-------+-------+-------+-------++-------
Melee: Rapier            |    53 |   118 |   161 |       ||   332
       Unarmed           |    14 |    14 |       |       ||    28
       Dagger            |       |       |    95 |       ||    95
       Quarterstaff      |       |       |     1 |     8 ||     9
 Fire: Shortbow          |     2 |    35 |   206 |   151 ||   394
Invok: Heroism           |       |       |     7 |     2 ||     9
 Abil: Spit Poison       |    39 |    45 |    60 |     3 ||   147
Evoke: Wand              |       |       |     8 |       ||     8
  Use: Potion            |       |     2 |     1 |       ||     3
       Scroll            |       |     1 |    19 |     1 ||    21
 Stab: Sleeping          |     1 |       |     1 |     3 ||     5
       Confused          |       |     2 |       |       ||     2
       Distracted        |       |       |     1 |       ||     1
       Paralysed         |       |       |       |     1 ||     1
  Eat: Chunk             |     3 |    12 |    17 |     1 ||    33
       Ration            |       |     5 |     2 |     1 ||     8
Armor: Ring mail         |    37 |    62 |   179 |    33 ||   311
       Skin              |       |     1 |       |       ||     1
Dodge: Dodged            |    47 |    82 |   186 |    30 ||   345
Block: Other             |       |       |    41 |     4 ||    45
       Reflection        |       |       |     1 |       ||     1

Table legend:
 A = Non-vault XP
 B = Vault XP
 C = Vault XP percentage of total XP
 D = Non-vault monster count
 E = Vault monster count
 F = Vault count percentage of total count
                 A         B        C        D         E       F
            +---------+---------+-------+---------+---------+-------
      Total |    3977 |    2685 |  40.3 |     114 |      40 |  26.0
            +---------+---------+-------+---------+---------+-------
        D:1 |      29 |       0 |   0.0 |      13 |       0 |   0.0
        D:2 |     100 |     213 |  68.1 |      18 |      12 |  40.0
        D:3 |     196 |       0 |   0.0 |      16 |       0 |   0.0
        D:4 |     361 |     289 |  44.5 |      13 |      14 |  51.9
        D:5 |     300 |      99 |  24.8 |       9 |       1 |  10.0
        D:6 |     480 |       0 |   0.0 |      12 |       0 |   0.0
        D:7 |     726 |     711 |  49.5 |      13 |       5 |  27.8
        D:8 |    1321 |    1365 |  50.8 |      17 |       4 |  19.0
        D:9 |     464 |       8 |   1.7 |       3 |       4 |  57.1
            +---------+---------+-------+---------+---------+-------
